Map: 16 bits EC

Players

HoldTheDoor

  • Race: Protoss Protoss
  • League: Diamond
  • Spawn Location: 1:00

Bandershtadt - Winner!

  • Race: Zerg Zerg
  • League: Platinum
  • Spawn Location: 7:00

VOD

Have the link to the VOD?

Description

Time

  • Played on: July 4, 2018, 1:01 p.m.
  • Length: 4:12
Show
View Real Time Build Order
Export as new Build Order

HoldTheDoor Protoss 

Build Orders:  

Get SALT Encoding   

  12  0:00  Probe  
  13  0:12  Probe  
  14  0:19  Pylon  
  14  0:24  Probe  
  15  0:37  Probe  
  15  0:40  Forge  
  16  0:49  Probe  
  17  1:04  Probe, Pylon  
  18  1:20  Pylon  
  18  1:27  Photon Cannon  
  18  1:28  Gateway  
  18  1:51  Pylon  
  18  2:14  Photon Cannon  
  18  2:18  Gateway  
  18  2:28  Zealot  
  20  2:38  Photon Cannon, Pylon  
  20  2:42  Cybernetics Core  
  20  2:45  Assimilator  
  20  2:49  Zealot  
  20  2:50  Photon Cannon  
  22  3:11  Zealot  
  24  3:15  Zealot  
Show
View Real Time Build Order
Export as new Build Order

Bandershtadt Zerg - Winner!

Build Orders: Hatch First 

Get SALT Encoding   

  12  0:08  Drone  
  12  0:09  Drone  
  14  0:27  Extractor x2  
  12  0:32  Drone  
  12  0:33  Drone  
  16  0:58  Hatchery  
  15  1:07  Spawning Pool  
  15  1:42  Overlord x2  
  15  1:55  Extractor  
  15  1:59  Roach Warren  
  13  2:08  Queen  
  13  2:09  Drone  
  13  2:10  Drone x2  
  18  2:37  Overlord  
  18  2:41  Roach  
  20  2:56  Roach x2  
  24  3:00  Queen  
  26  3:14  Roach  
  28  3:28  Roach x2  
  28  3:33  Extractor  
Tags
 
Add a new tag
Caveats
  • Supply blocks, unpowered buildings, or Contaminate may cause inaccurate times.
  • Supply counts are checked every 10 seconds.